 Dungeon Crawl Stone Soup version 0.18.1-50-g88ac8fd (webtiles) character file.

93 dngmouse the Poker (level 4, -4/39 HPs)
             Began as a Minotaur Fighter on Jan 24, 2017.
             Slain by a white imp (5 damage)
             ... summoned by Natasha
             ... on level 3 of the Dungeon.
             The game lasted 00:02:45 (1460 turns).

dngmouse the Poker (Minotaur Fighter)               Turns: 1460, Time: 00:02:46

Health: -4/39      AC:  6    Str: 21    XL:     4   Next: 36%
Magic:  3/3        EV:  7    Int:  5    God:
Gold:   102        SH:  9    Dex: 10    Spells: 0 memorised, 3 levels left

rFire  . . .     SeeInvis .     a - +0 trident
rCold  . . .     Gourm    .     b - +0 scale mail
rNeg   . . .     Faith    .     c - +0 shield
rPois  .         Spirit   .     (helmet restricted)
rElec  .         Dismiss  .     (no cloak)
rCorr  .         Reflect  .     (no gloves)
SustAt .         Harm     .     (no boots)
MR     .....                    (no amulet)
Stlth  ..........               (no ring)
                                (no ring)

@: not resistant to hostile enchantments, extremely unstealthy
A: retaliatory headbutt, horns 2
a: no special abilities


You were on level 3 of the Dungeon.
You were hungry.

You visited 1 branch of the dungeon, and saw 3 of its levels.

You collected 102 gold pieces.

Inventory:

Hand Weapons
 a - a +0 trident (weapon)
Armour
 b - a +0 scale mail (worn)
 c - a +0 shield (worn)
Scrolls
 e - 2 scrolls of fog {unknown}
 l - 3 scrolls of identify {unknown}
 o - a scroll of amnesia {unknown}
 p - 2 scrolls of teleportation {unknown}
 q - a scroll of noise {unknown}
 t - a scroll of fear {unknown}
 u - a scroll of immolation {unknown}
Potions
 d - a potion of might
 g - a potion of brilliance {unknown}
 i - a potion of curing {unknown}
 j - 3 potions of agility {unknown}
 m - a potion of haste {unknown}
 n - a potion of magic {unknown}
 r - a potion of mutation {unknown}
 s - a potion of heal wounds {unknown}
Comestibles
 f - 2 bread rations
 h - 4 meat rations
 k - a beef jerky


   Skills:
 - Level 3.6 Fighting
 + Level 5.6 Polearms
 - Level 3.6 Armour
 - Level 3.6 Shields


You had 3 spell levels left.
You didn't know any spells.

Dungeon Overview and Level Annotations

Branches:
Dungeon (3/15)

Altars:
Zin

Annotations:
D:3 Natasha


Innate Abilities, Weirdness & Mutations

You reflexively headbutt those who attack you in melee.
You have a pair of horns on your head.


Message History

You hit Natasha. Your headbutt misses Natasha.
Natasha is moderately wounded.
The crimson imp hits you.
* * * LOW HITPOINT WARNING * * *
You block the white imp's attack. Natasha barely misses you.
You puncture Natasha!
Natasha is almost dead.
The crimson imp barely misses you. You furiously retaliate!
You headbutt the crimson imp. The white imp hits you.
* * * LOW HITPOINT WARNING * * *
The white imp freezes you.
* * * LOW HITPOINT WARNING * * *
Natasha closely misses you.
You completely miss Natasha. You headbutt Natasha.
Natasha is almost dead.
The crimson imp hits you but does no damage.
The white imp hits you.
* * * LOW HITPOINT WARNING * * *
The white imp freezes you.
You die...

....# #.#.# ##.. ..
#...# #... #.####.[.#
... #...##!..# ##
...##.#.##..l# #...
#.......#!#5h##...##
#.#.##..##..@5......
##.#.##.†###..###.###
#.†<)#.....#.%#
#.#†.......#..###.#
#....#..†.........#
####..........#####
###>....#.#....
##.####....... #.#
###.####


You could see Natasha, a crimson imp, a white imp and a giant newt.

Vanquished Creatures
  3 adders
  An ooze (D:2)
  A worm (D:3)
  A dart slug (D:1)
  A giant gecko (D:2)
  An orc (D:3)
  A ball python (D:2)
  9 bats
  3 giant cockroaches
  7 goblins
  4 hobgoblins
  7 jackals
  8 giant newts
  2 kobolds (D:1)
  6 rats
55 creatures vanquished.

Notes
Turn   | Place    | Note
--------------------------------------------------------------
     0 | D:1      | dngmouse the Minotaur Fighter began the quest for the Orb.
     0 | D:1      | Reached XP level 1. HP: 19/19 MP: 0/0
   134 | D:1      | Reached skill level 3 in Polearms
   218 | D:1      | Reached XP level 2. HP: 26/26 MP: 1/1
   497 | D:1      | Reached skill level 4 in Polearms
   864 | D:2      | Reached XP level 3. HP: 29/31 MP: 2/2
  1074 | D:2      | Reached skill level 5 in Polearms
  1087 | D:2      | Found a glowing silver altar of Zin.
  1409 | D:3      | Reached XP level 4. HP: 37/39 MP: 3/3
  1445 | D:3      | Noticed Natasha
  1460 | D:3      | HP: 1/39 [white imp[Natasha] (1)]
  1460 | D:3      | Slain by a white imp

Skill      XL: |  1  2  3 |
---------------+----------+-----
Polearms       | 3 4 5 |  5.6
Fighting       | |  3.6
Armour         | |  3.6
Shields        | |  3.6

Action                   |  1- 3 |  4- 6 || total
-------------------------+-------+-------++-------
Melee: Trident           |   114 |    35 ||   149
       Headbutt          |    10 |     6 ||    16
  Eat: Chunk             |     1 |       ||     1
Armor: Scale mail        |    36 |    21 ||    57
Dodge: Dodged            |    17 |    10 ||    27
Block: Shield            |    30 |    20 ||    50
